[Event "*** SCC Grand Prix: Titled Tuesday Blitz"]
[Site "Chess.com"]
[Date "2020.07.21"]
[Round "1"]
[White "Fh2411"]
[Black "Quiet_Desperation"]
[Result "1-0"]
[WhiteElo "2584"]
[BlackElo "2233"]
[TimeControl "180+1"]
[EndTime "10:06:28 PDT"]
[Termination "Fh2411 won by resignation"]

1. d3 d5 2. Nf3 Nc6 3. d4 Nf6 4. Bf4 Bf5 5. c3 e6 6. Nbd2 Bd6 7.
Bg3 Nd7 8. Qb3 Rb8 9. e3 O-O 10.
Bb5 a6 11. Be2 f6 12. O-O Nb6 13. Rfe1 Kh8 14. Bf1 e5 15. dxe5 fxe5 16. e4 Be6 17.
exd5 Bxd5 18. Qc2 Qf6 19. Bd3 g6 20. Be4 Rbd8 21. Rad1 a5 22. Bxd5 Nxd5 23. Ne4 Qe6 24.
Neg5 Qg8 25. Nxe5 Nxe5 26. Bxe5+ Bxe5 27. Rxe5 Nf4 28. Rxd8 Rxd8 29. g3 Nd3 30. Re3 Qd5 31.
Ne6 Re8 32. Nxc7 Rxe3 33. Nxd5 Re1+ 34. Kg2 1-0

[Event "*** SCC Grand Prix: Titled Tuesday Blitz"]
[Site "Chess.com"]
[Date "2020.07.21"]
[Round "1"]
[White "aa175"]
[Black "KratosKrieg"]
[Result "1-0"]
[WhiteElo "2480"]
[BlackElo "1924"]
[TimeControl "180+1"]
[EndTime "10:06:28 PDT"]
[Termination "aa175 won on time"]

1. d4 d5 2. Bf4 Nf6 3. e3 e6 4. Nf3 Bd6 5. Nbd2 O-O 6. Bd3 c5 7. c3 Nc6 8. Bg3 b6 9. e4 dxe4 10. Nxe4 Bxg3 11. hxg3 h6 12. dxc5 bxc5 13. Nxc5 Qb6 14.
Nb3 a5 15. g4 Rd8 16. g5 Ba6 17. Nbd4 Bxd3 18. Qxd3 Nxd4 19. gxf6 Nxf3+ 20. Qxf3 Qxb2 21. O-O gxf6 22. Qxf6 Rac8 23. Rad1 Rxd1 24. Rxd1 Qb7 25. Rd3 1-0

[Event "*** SCC Grand Prix: Titled Tuesday Blitz"]
[Site "Chess.com"]
[Date "2020.07.21"]
[Round "1"]
[White "ArjunErigaisi2003"]
[Black "hermionegrangermagic"]
[Result "0-1"]
[WhiteElo "3036"]
[BlackElo "2476"]
[TimeControl "180+1"]
[EndTime "10:06:30 PDT"]
[Termination "hermionegrangermagic won by resignation"]

1. b3 e5 2. Bb2 Nc6 3. e3 a6 4. c4 Nf6 5. Nc3 d5 6. cxd5 Nxd5 7. a3 Be6 8. Nge2 Be7 9. Nxd5 Bxd5 10. Nc3 Be6 11. Qc2 O-O 12. h4 Na5 13. b4 Nb3 14. Rd1 c5 15. b5 axb5 16. Bxb5 c4 17. Ne4 Qc7 18. Ng5 Bxg5 19. hxg5 g6 20. Qe4 Nc5 21.
Qb1 Nd3+ 22. Kf1 f6 23. f3 fxg5 24. Kg1 e4 25. Rh2 exf3 26. gxf3 Rxf3 27. Qc2 Rg3+ 28.
Rg2 Rxg2+ 29. Kxg2 Bd5+ 0-1

[Event "*** SCC Grand Prix: Titled Tuesday Blitz"]
[Site "Chess.com"]
[Date "2020.07.21"]
[Round "1"]
[White "Boudicca64"]
[Black "AquivaRubinstein"]
[Result "0-1"]
[WhiteElo "1784"]
[BlackElo "2469"]
[TimeControl "180+1"]
[EndTime "10:06:30 PDT"]
[Termination "AquivaRubinstein won by resignation"]

1. e4 c5 2. g3 Nf6 3. Bg2 Nc6 4.
Ne2 g6 5. c3 d5 6. exd5 Nxd5 7.
h3 Bg7 8. O-O O-O 9. d4 cxd4 10.
cxd4 b6 11. Nbc3 e6 12. Nf4 Nxc3 13. bxc3 Bb7 14. Qe2 Rc8 15. Be3 Qd7 16. Rfd1 Na5 17. Rac1 Bxg2 18. Kxg2 Rc4 19. d5 e5 20. Nd3 Qxd5+ 21.
Kh2 Qc6 22. Nb4 Qb7 23. Rd6 Rfc8 24. Rcd1 h6 25. Qg4 Rxg4 0-1

[Event "*** SCC Grand Prix: Titled Tuesday Blitz"]
[Site "Chess.com"]
[Date "2020.07.21"]
[Round "1"]
[White "VitaliyBernadskiy"]
[Black "ChronicUnhappiness"]
[Result "1-0"]
[WhiteElo "2738"]
[BlackElo "2379"]
[TimeControl "180+1"]
[EndTime "10:06:31 PDT"]
[Termination "VitaliyBernadskiy won by resignation"]

1. d4 d5 2. Nf3 Nf6 3. c4 e6 4.
Bg5 h6 5. Bxf6 Qxf6 6. e3 Bb4+ 7. Nbd2 O-O 8. a3 Bxd2+ 9. Qxd2 Rd8 10. Rc1 Nc6 11.
cxd5 exd5 12. Bb5 Bg4 13. Bxc6 Bxf3 14. Bxb7 Rab8 15. gxf3 Rxb7 16. f4 Rdb8 17. Rc2 Qh4 18. h3 Qh5 19. Kf1 Qf3 20. Kg1 Rb3 21. Kh2 Qe4 22. Rg1 Rd3 23. Qe2 Rbb3 24. Rxc7 Rxd4 25.
Qg4 g5 26. exd4 Rf3 27. fxg5 Rxf2+ 28. Rg2 Rxg2+ 29. Qxg2 Qf4+ 30. Kg1 Qxc7 31. gxh6+ Kf8 32. Qg7+ 1-0

[Event "*** SCC Grand Prix: Titled Tuesday Blitz"]
[Site "Chess.com"]
[Date "2020.07.21"]
[Round "1"]
[White "Mikhail_Golubev"]
[Black "czasnaszachy"]
[Result "1-0"]
[WhiteElo "2602"]
[BlackElo "2258"]
[TimeControl "180+1"]
[EndTime "10:06:31 PDT"]
[Termination "Mikhail_Golubev won by checkmate"]

1. e4 c5 2. Nf3 e6 3. d4 cxd4 4. Nxd4 Nc6 5. Nc3 a6 6. Be3 Qc7 7. a3 Nf6 8. f4 d6 9. Qf3 Be7 10.
Bd3 O-O 11. O-O-O e5 12. Nxc6 bxc6 13. f5 Rb8 14. g4 d5 15. g5 dxe4 16. Nxe4 Nxe4 17.
Bxe4 Qb7 18. b3 Bxa3+ 19. Kb1 Qb4 20. Bd2 Qc5 21. h4 a5 22. f6 g6 23. h5 Be6 24.
hxg6 fxg6 25. Rxh7 Kxh7 26. Qh5+ Kg8 27. Qxg6+ Kh8 28.
Qg7# 1-0

[Event "*** SCC Grand Prix: Titled Tuesday Blitz"]
[Site "Chess.com"]
[Date "2020.07.21"]
[Round "1"]
[White "cukin84"]
[Black "SamuelGhimpu2003"]
[Result "0-1"]
[WhiteElo "2172"]
[BlackElo "2560"]
[TimeControl "180+1"]
[EndTime "10:06:31 PDT"]
[Termination "SamuelGhimpu2003 won by resignation"]

1. e4 g6 2. d4 Bg7 3. Be3 d6 4. Nc3 a6 5. Qd2 b5 6. a3 Bb7 7. f3 Nd7 8. g4 c5 9. h4 h5 10.
gxh5 Rxh5 11. Nge2 cxd4 12. Bxd4 Ne5 13. Bg2 Nc4 14.
Qc1 e5 15. Bf2 Bh6 16. Qd1 Nxb2 17. Qb1 Nc4 18. Ng3 Bd2+ 19. Kf1 Bxc3 20. Nxh5 Bxa1 21. Ng7+ Kf8 22. Ne6+ fxe6 23. Qxa1 Nf6 24. Bh3 Qe7 25. Rg1 Qf7 26. Qc3 Nh5 27. Bg4 Rc8 28. Qb4 Nf4 29.
a4 Bc6 30. axb5 Bxb5 31. Ke1 Qc7 32. h5 gxh5 33. Rh1 hxg4 34. Rh8+ Kg7 35. Rxc8 Qxc8 36.
fxg4 Qc6 0-1

[Event "*** SCC Grand Prix: Titled Tuesday Blitz"]
[Site "Chess.com"]
[Date "2020.07.21"]
[Round "1"]
[White "Rud_Makarian"]
[Black "novocane"]
[Result "1-0"]
[WhiteElo "2610"]
[BlackElo "2264"]
[TimeControl "180+1"]
[EndTime "10:06:32 PDT"]
[Termination "Rud_Makarian won by resignation"]

1. d4 Nf6 2. c4 e6 3. Nf3 b6 4. g3 Ba6 5. b3 Bb4+ 6. Bd2 Be7 7. Bg2 O-O 8. Nc3 d5 9. O-O Nbd7 10. Ne5 Bb7 11. Bf4 c5 12. cxd5 Nxd5 13. Nxd5 exd5 14. Rc1 Rc8 15. Bh3 Nxe5 16. Bxc8 Qxc8 17. Bxe5 Qh3 18. Qd2 Re8 19. Qf4 h5 20. Rfd1 f6 21. Bd6 Bxd6 22.
Qxd6 Rxe2 23. Qb8+ Bc8 24. dxc5 b5 25. Re1 Rxf2 26. Kxf2 Qxh2+ 27. Ke3 Qxg3+ 28. Qxg3 1-0

[Event "*** SCC Grand Prix: Titled Tuesday Blitz"]
[Site "Chess.com"]
[Date "2020.07.21"]
[Round "1"]
[White "TudorAnton"]
[Black "Yoshikrov"]
[Result "1-0"]
[WhiteElo "2520"]
[BlackElo "2120"]
[TimeControl "180+1"]
[EndTime "10:06:32 PDT"]
[Termination "TudorAnton won on time"]

1. d4 Nf6 2. c4 g6 3. Nc3 d5 4.
Nf3 Bg7 5. Bg5 c6 6. e3 O-O 7. Be2 Be6 8. cxd5 Nxd5 9. O-O Nxc3 10. bxc3 Nd7 11. Qc2 c5 12. Qb2 b6 13. a4 cxd4 14.
cxd4 h6 15. Bh4 Nf6 16. a5 bxa5 17. Ne5 Rc8 18. Ba6 Rb8 19. Qa3 Qb6 20. Qxa5 Qxa5 21.
Rxa5 Rb2 22. h3 g5 23. Bg3 Ne4 24. Bh2 Rfb8 25. Bd3 Nf6 26. Nc6 R8b3 27. Rd1 Nd5 28. Bf1 Nc3 29. Rda1 Ne2+ 30. Bxe2 Rxe2 31. Nxe7+ Kh7 32.
Nf5 Bf6 33. Ng3 Rd2 34. Ne4 1-0

[Event "*** SCC Grand Prix: Titled Tuesday Blitz"]
[Site "Chess.com"]
[Date "2020.07.21"]
[Round "1"]
[White "Hikaru"]
[Black "PotapovaM"]
[Result "1-0"]
[WhiteElo "3262"]
[BlackElo "2463"]
[TimeControl "180+1"]
[EndTime "10:06:33 PDT"]
[Termination "Hikaru won by resignation"]

1. Nf3 Nf6 2. b3 g6 3. Bb2 Bg7 4. d4 O-O 5. e3 b6 6. Be2 Bb7 7. O-O d6 8. c4 Nbd7 9. Qc2 Ne4 10. Rd1 a5 11. Na3 e6 12. Nb5 Rc8 13. Na7 Ra8 14. Nb5 Rc8 15. d5 Bxb2 16. Qxb2 e5 17. a3 f5 18. b4 Rb8 19. Na7 f4 20. Nc6 Bxc6 21.
dxc6 Ndf6 22. exf4 exf4 23. Nd4 Qe7 24. Bf3 Ng5 25. Re1 Nxf3+ 26. Nxf3 Qf7 27. Qd4 Ng4 28. h3 Nh6 29. Ng5 Qf6 30. Qxf6 Rxf6 31. Re7 Rf5 32. h4 Rc8 33. Rae1 Nf7 34. Re8+ Rxe8 35. Rxe8+ Kg7 36. Re7 Kf8 37. Rxc7 Nxg5 38. hxg5 Re5 39. Rxh7 Kg8 40. Rd7 Re8 41. c7 1-0

[Event "*** SCC Grand Prix: Titled Tuesday Blitz"]
[Site "Chess.com"]
[Date "2020.07.21"]
[Round "1"]
[White "memer5334"]
[Black "Ermito2020"]
[Result "0-1"]
[WhiteElo "2231"]
[BlackElo "2582"]
[TimeControl "180+1"]
[EndTime "10:06:33 PDT"]
[Termination "Ermito2020 won by resignation"]

1. d4 d5 2. c4 e6 3. Nc3 c6 4. cxd5 exd5 5. Nf3 Nf6 6. Bg5 Be7 7. e3 Bf5 8. Ne5 Nbd7 9. Bd3 Bxd3 10. Qxd3 O-O 11.
O-O Nxe5 12. dxe5 Nd7 13. Bf4 Nc5 14. Qe2 f6 15. Rad1 Ne6 16. Bg3 fxe5 17. Bxe5 Bf6 18. Bg3 Qa5 19. Qg4 Rae8 20. h4 Bxc3 21. bxc3 Qxc3 22.
Rb1 Rf7 23. e4 Qc4 24. Rfe1 Nf8 25. f3 dxe4 26. fxe4 Qxa2 27. e5 Qe6 28. Qa4 b5 29. Qc2 a5 30. Rbd1 Rd7 31. Rxd7 Nxd7 32. Qe4 a4 33. Rd1 a3 34. Rd6 Qxd6 35. exd6 Rxe4 0-1

[Event "*** SCC Grand Prix: Titled Tuesday Blitz"]
[Site "Chess.com"]
[Date "2020.07.21"]
[Round "1"]
[White "bugsbunny444"]
[Black "DonPreuss"]
[Result "1-0"]
[WhiteElo "2558"]
[BlackElo "2168"]
[TimeControl "180+1"]
[EndTime "10:06:33 PDT"]
[Termination "bugsbunny444 won by resignation"]

1. Nf3 b6 2. g3 Bb7 3. Bg2 f5 4. O-O Nf6 5. d4 e6 6. c4 Be7 7. d5 exd5 8. Nd4 O-O 9. Nxf5 c6 10. cxd5 cxd5 11. Nc3 Nc6 12. Nxd5 Bc5 13. Bg5 Rc8 14. Qd2 Qe8 15. Nxf6+ gxf6 16. Bh6 Qg6 17. Bd5+ Kh8 18. Bg7+ Qxg7 19. Nxg7 Kxg7 20. e3 Rce8 21. a3 h5 22. b4 Be7 23. Bf3 h4 24. Qxd7 1-0

[Event "*** SCC Grand Prix: Titled Tuesday Blitz"]
[Site "Chess.com"]
[Date "2020.07.21"]
[Round "1"]
[White "ulises2013"]
[Black "Dauletova"]
[Result "0-1"]
[WhiteElo "2618"]
[BlackElo "2316"]
[TimeControl "180+1"]
[EndTime "10:06:34 PDT"]
[Termination "Dauletova won by resignation"]

1. d4 Nf6 2. c4 e6 3. Nf3 d5 4.
e3 c5 5. b3 Nc6 6. Bb2 cxd4 7.
Nxd4 Bb4+ 8. Nc3 Ne4 9. Rc1 Qa5 10. Nb5 O-O 11. cxd5 exd5 12. a3 Bxc3+ 13. Nxc3 d4 14. b4 Nxc3 15. Bxc3 Qxa3 16. Bd2 dxe3 17. fxe3 Nxb4 18. Rc3 Qb2 19. Rb3 Nc2+ 20. Kf2 Qxb3 21. Qh5 Be6 22. Be2 Qd5 23. Qxd5 Bxd5 24. Rd1 Be4 25.
Bb4 Rfd8 26. Rc1 Nxb4 27. Rc4 Nd3+ 0-1

[Event "*** SCC Grand Prix: Titled Tuesday Blitz"]
[Site "Chess.com"]
[Date "2020.07.21"]
[Round "1"]
[White "Infernal_XaM"]
[Black "GiorgianBarbosa"]
[Result "1/2-1/2"]
[WhiteElo "2978"]
[BlackElo "2459"]
[TimeControl "180+1"]
[EndTime "10:06:35 PDT"]
[Termination "Game drawn by agreement"]

1. Nf3 Nf6 2. c4 g6 3. Nc3 Bg7 4. e4 O-O 5. d4 d6 6. Be2 Nbd7 7. O-O e5 8. d5 Ne8 9. Re1 f5 10.
Ng5 Nc5 11. b4 f4 12. Nxh7 Kxh7 13. bxc5 dxc5 14. a4 a5 15. Bg4 Nd6 16. Be2 b6 17. g3 g5 18. Ra3 Qf6 19. gxf4 gxf4 20. Kh1 Bh6 21. Bg4 Qh4 22. Bxc8 Raxc8 23. Nb5 Rg8 24. Nxd6 cxd6 25. Qf3 Rg6 26. Rg1 Rcg8 27. Rxg6 Rxg6 28.
Bd2 Qg5 29. Ra1 Kg8 30. Qh3 Bf8 31. Rf1 Be7 32. f3 Kf7 33. Be1 Rh6 34. Qg2 Qh5 35.
Rg1 Rg6 36. Qe2 Rxg1+ 37. Kxg1 Bh4 38. Bd2 Qg5+ 39. Kf1 Qg6 40. Qg2 Qxg2+ 41. Kxg2 Kg6 42. Kh3 Kh5 43. Kg2 Bg5 44. Be1 Bf6 45. Kh3 Bg5 46. Bf2 Bf6 47. Be1 Bg5 48. Bf2 1/2-1/2

[Event "*** SCC Grand Prix: Titled Tuesday Blitz"]
[Site "Chess.com"]
[Date "2020.07.21"]
[Round "1"]
[White "Iskusnyh"]
[Black "gagtemp"]
[Result "1-0"]
[WhiteElo "2482"]
[BlackElo "1961"]
[TimeControl "180+1"]
[EndTime "10:06:35 PDT"]
[Termination "Iskusnyh won by resignation"]

1. d4 d5 2. c4 e6 3. g3 c5 4.
cxd5 exd5 5. Nf3 Nc6 6. Bg2 Nf6 7. O-O Be7 8. dxc5 Bxc5 9. a3 O-O 10. b4 Be7 11.
Bb2 Bg4 12. Nc3 a6 13. Rc1 Qd7 14. Na4 Rad8 15. Nc5 Bxc5 16. Rxc5 Ne4 17. Rc2 Bh3 18.
Nd4 Bxg2 19. Kxg2 Rfe8 20. Nxc6 bxc6 21. Qd4 Nf6 22. Rfc1 Re6 23. Qb6 Rde8 24. Bxf6 Rxf6 25. Rxc6 Qg4 26. Qxa6 Qe4+ 27. Kg1 Rxf2 28. Kxf2 Qxe2+ 29. Qxe2 1-0

[Event "*** SCC Grand Prix: Titled Tuesday Blitz"]
[Site "Chess.com"]
[Date "2020.07.21"]
[Round "1"]
[White "MathiasWomacka"]
[Black "Andreikka"]
[Result "0-1"]
[WhiteElo "2442"]
[BlackElo "2906"]
[TimeControl "180+1"]
[EndTime "10:06:37 PDT"]
[Termination "Andreikka won by resignation"]

1. e4 e5 2. Nf3 Nc6 3. Bb5 a6 4. Bxc6 dxc6 5. O-O Qf6 6. d4 exd4 7. Bg5 Qd6 8. Nxd4 Be7 9. Bxe7 Nxe7 10. Nc3 Bd7 11. Qd2 c5 12. Nb3 Qxd2 13. Nxd2 O-O-O 14. Nc4 Be6 15.
Ne3 Nc6 16. Rad1 Nd4 17. Ncd5 Rhe8 18. f3 f5 19. c3 Bxd5 20. Nxd5 fxe4 21. fxe4 Rxe4 22.
cxd4 Rxd5 23. Rf8+ Kd7 24. Rf7+ Re7 25. Rxe7+ Kxe7 26.
Re1+ Kd7 27. dxc5 Rxc5 28. Re2 a5 29. Kf2 Kd6 30. Kf3 Re5 31. Rd2+ Rd5 32. Re2 b5 33. Kf4 a4 34. h4 c5 35. Re8 c4 36. g4 Kc5 37. h5 a3 38. bxa3 c3 39. Ke4 Rd4+ 40.
Ke3 Rxg4 41. Rc8+ Kb6 42. Rxc3 Rh4 43. a4 Rxh5 44. axb5 Rh3+ 45. Kd4 Rxc3 46. Kxc3 Kxb5 47. Kd4 Kb4 0-1

[Event "*** SCC Grand Prix: Titled Tuesday Blitz"]
[Site "Chess.com"]
[Date "2020.07.21"]
[Round "1"]
[White "tan275"]
[Black "blitzking1729"]
[Result "0-1"]
[WhiteElo "2243"]
[BlackElo "2593"]
[TimeControl "180+1"]
[EndTime "10:06:39 PDT"]
[Termination "blitzking1729 won by resignation"]

1. d4 d6 2. c4 e5 3. d5 g6 4. Nc3 Bg7 5. e4 Ne7 6. h4 h6 7. Nf3 O-O 8. Be3 Bg4 9. Qd2 Kh7 10. Nh2 Bc8 11. Bd3 f5 12. exf5 gxf5 13. O-O-O Na6 14. g4 Nc5 15. Bc2 e4 16. Bd4 Bxd4 17. Qxd4 Ng6 18.
gxf5 Bxf5 19. Nxe4 Qxh4 20. Nf3 Qf4+ 21. Kb1 Bxe4 22.
Ng5+ Qxg5 23. Bxe4 Nxe4 24. Qxe4 Qf5 25. Qxf5 Rxf5 26.
Rh2 Raf8 27. Rdh1 h5 28. Rxh5+ Rxh5 29. Rxh5+ Kg7 30. Rh2 Nf4 31. Kc2 Rh8 32. Rxh8 Kxh8 33. Kd2 Kg7 34. Ke3 Ng6 35. Ke4 Kf6 36. f4 b6 37. a3 a5 38. b4 axb4 39. axb4 Nf8 40. f5 Nd7 41. Kd4 Kxf5 42. c5 0-1

[Event "*** SCC Grand Prix: Titled Tuesday Blitz"]
[Site "Chess.com"]
[Date "2020.07.21"]
[Round "1"]
[White "Gorin_Leonid"]
[Black "Matols"]
[Result "1-0"]
[WhiteElo "2567"]
[BlackElo "2187"]
[TimeControl "180+1"]
[EndTime "10:06:39 PDT"]
[Termination "Gorin_Leonid won on time"]

1. e4 e6 2. d4 d5 3. Nd2 c5 4. dxc5 Bxc5 5. Bd3 Nf6 6. Qe2 O-O 7. Ngf3 Nc6 8. O-O h6 9. e5 Nd7 10. Nb3 Bb6 11. Bf4 Nb4 12. c3 Nxd3 13. Qxd3 f6 14. exf6 Qxf6 15. Bg3 Nc5 16. Nxc5 Bxc5 17. Be5 Qf5 18. Qxf5 Rxf5 19. Rfe1 Bd7 20. Bd4 Bd6 21. Be5 Bc5 22. Bd4 Bd6 23. Ne5 Bxe5 24. Bxe5 Raf8 25.
f3 a6 26. Re3 g5 27. Rae1 Kh7 28. h3 Kg6 29. Kf2 h5 30. Kg3 R8f7 31. Bd4 Rf8 32.
Rh1 R8f7 33. h4 Rf8 34. hxg5 Rxg5+ 35. Kf2 Rgf5 36. Be5 Bc6 37. Rh4 Bd7 38. Bd4 R8f7 39. b3 Rf4 40. Rh2 R4f5 41. a4 b5 42. a5 Rf8 43. b4 R8f7 44. Be5 Rf8 45. f4 R8f7 46. Rg3+ Kh7 47. Ke3 Be8 48. Rh4 Rd7 49. Kd4 Rdf7 50.
Rgh3 Kg6 51. g4 Rxf4+ 52. Bxf4 Rxf4+ 53. Ke5 Rxg4 54. Rxh5 Re4+ 55. Kd6 Bf7 56. Rh6+ Kf5 57. Rf3+ 1-0

[Event "*** SCC Grand Prix: Titled Tuesday Blitz"]
[Site "Chess.com"]
[Date "2020.07.21"]
[Round "1"]
[White "politeplayer"]
[Black "Chess_Boxer123"]
[Result "0-1"]
[WhiteElo "2213"]
[BlackElo "2570"]
[TimeControl "180+1"]
[EndTime "10:06:40 PDT"]
[Termination "Chess_Boxer123 won by resignation"]

1. e4 c6 2. Nf3 d5 3. exd5 cxd5 4. d4 Nf6 5. c4 Nc6 6. Nc3 e6 7. a3 Be7 8. cxd5 Nxd5 9. Bd3 O-O 10. O-O Bf6 11.
Bc2 b6 12. Nxd5 Qxd5 13. Re1 Bb7 14. Be4 Qd6 15. Bg5 Bxg5 16. Nxg5 h6 17. Nh7 Rfd8 18.
Qg4 Qxd4 19. Rad1 Qxb2 20. Rb1 Qxa3 21. Nf6+ Kh8 22. Nh5 Qf8 23. Re3 Ne5 24. Qh4 Bxe4 25. Qxe4 Ng6 26. Rh3 Kg8 27. f4 Rac8 28. f5 Qc5+ 29.
Re3 exf5 30. Qf3 f4 31. Nxf4 Nxf4 32. Qxf4 Re8 33. Re1 Rxe3 34. Rxe3 Re8 35. Kf2 Qxe3+ 36. Qxe3 Rxe3 37. Kxe3 a5 0-1

[Event "*** SCC Grand Prix: Titled Tuesday Blitz"]
[Site "Chess.com"]
[Date "2020.07.21"]
[Round "1"]
[White "Karina_Ivanova"]
[Black "keepitcool9499"]
[Result "0-1"]
[WhiteElo "2177"]
[BlackElo "2566"]
[TimeControl "180+1"]
[EndTime "10:06:40 PDT"]
[Termination "keepitcool9499 won by checkmate"]

1. d4 e6 2. Nf3 Nf6 3. g3 d5 4. Bg2 Be7 5. O-O O-O 6. c4 c6 7. Nbd2 Nbd7 8. Qc2 b6 9. e4 dxc4 10. Nxc4 Bb7 11. Re1 c5 12. Bf4 cxd4 13. Nxd4 Rc8 14. Qe2 Ba6 15. b3 Bxc4 16. bxc4 e5 17. Nf5 exf4 18.
e5 Bb4 19. exf6 Nxf6 20. Reb1 Re8 21. Qc2 Bc5 22. Rd1 Qc7 23. Rac1 Qe5 24. Bd5 fxg3 25.
Nxg3 Ng4 26. Ne4 Qxh2+ 27. Kf1 Qh3+ 28. Kg1 Qh2+ 29. Kf1 Qh1+ 30. Ke2 Qg2 31. Kd3 Qf3+ 32. Kd2 Bb4+ 33. Nc3 Qe2# 0-1

[Event "*** SCC Grand Prix: Titled Tuesday Blitz"]
[Site "Chess.com"]
[Date "2020.07.21"]
[Round "1"]
[White "pavelalexandru07"]
[Black "nikitakhoroshev"]
[Result "0-1"]
[WhiteElo "2121"]
[BlackElo "2522"]
[TimeControl "180+1"]
[EndTime "10:06:41 PDT"]
[Termination "nikitakhoroshev won on time"]

1. e4 e6 2. d4 d5 3. Nc3 Nc6 4. Nf3 Nf6 5. Bg5 dxe4 6. Nxe4 Be7 7.
Bxf6 gxf6 8. g3 f5 9. Nc3 a6 10. Bg2 O-O 11. O-O Bf6 12. Ne2 Nb4 13. a3 Nd5 14. c4 Ne7 15. Qd2 Rb8 16. Rad1 b5 17. b3 Bb7 18. Rfe1 Qd6 19. c5 Qd8 20. Nf4 Ng6 21. b4 Bxf3 22. Bxf3 Bg5 23. Kh1 Bxf4 24.
gxf4 Qh4 25. Rg1 Kh8 26. d5 Qxf4 27. Qc3+ Qe5 28. Qd3 Rbd8 29. Qb3 exd5 30. Bxd5 Qf6 31. Qf3 Ne5 32. Qf4 c6 33. Be4 Rxd1 34. Rxd1 Rg8 35. Qxf5 Qxf5 36. Bxf5 Rg5 37. Be4 f5 38. f4 Rg4 39. Bxf5 Rxf4 40. Bd7 Rf2 41. h3 Nf3 0-1

[Event "*** SCC Grand Prix: Titled Tuesday Blitz"]
[Site "Chess.com"]
[Date "2020.07.21"]
[Round "1"]
[White "Jbd735"]
[Black "Sn00pPawn"]
[Result "1-0"]
[WhiteElo "2472"]
[BlackElo "1785"]
[TimeControl "180+1"]
[EndTime "10:06:42 PDT"]
[Termination "Jbd735 won on time"]

1. e4 c5 2. Nf3 d6 3. d4 cxd4 4.
Nxd4 Nf6 5. Nc3 a6 6. Bg5 e6 7. f4 Qb6 8. Qd2 Qxb2 9. Nb3 Qa3 10. Rd1 Nc6 11. e5 dxe5 12. fxe5 Nd7 13. Be2 h6 14.
Bh4 Ncxe5 15. O-O Bb4 16. Qd4 O-O 17. Nb1 Qa4 18. a3 Bc5 19. Nxc5 Qxd4+ 20. Rxd4 Nxc5 21.
Be7 Ncd7 22. Bxf8 Kxf8 23. Nd2 Ke7 24. Nf3 b5 25. Nxe5 Nxe5 26. Bf3 Nxf3+ 27. Rxf3 Bb7 28. Rc3 Bd5 29. Rc7+ Ke8 30. Rf4 e5 31. Rf5 Be6 32. Rxe5 Rd8 33. Kf2 Rd2+ 34. Re2 Rd4 35. h3 Kd8 36.
Ra7 Ra4 37. Re3 Kc8 38. Rc3+ Kb8 39. Re7 b4 40. axb4 Rxb4 41. Rc6 a5 42. Rd6 Rb7 43.
Rxb7+ Kxb7 44. Ke3 a4 45. Rd4 a3 46. Ra4 a2 47. Kd4 Kb6 48. c4 Bd7 49. Rxa2 Bc6 50. Rf2 Be8 51. Re2 Bc6 52. g3 1-0

[Event "*** SCC Grand Prix: Titled Tuesday Blitz"]
[Site "Chess.com"]
[Date "2020.07.21"]
[Round "1"]
[White "tlomigtlis"]
[Black "KaterynaLagno"]
[Result "0-1"]
[WhiteElo "2377"]
[BlackElo "2736"]
[TimeControl "180+1"]
[EndTime "10:06:43 PDT"]
[Termination "KaterynaLagno won by checkmate"]

1. d4 Nf6 2. c4 g6 3. g3 Bg7 4.
Bg2 O-O 5. Nc3 Nc6 6. Nf3 d5 7. cxd5 Nxd5 8. O-O Nb6 9. e3 Re8 10. d5 Na5 11. e4 c6 12. dxc6 bxc6 13. Be3 Nac4 14. Bc1 Ba6 15. Re1 Qxd1 16. Rxd1 Red8 17. Bg5 Nxb2 18. Rxd8+ Rxd8 19. Bxe7 Re8 20. Bb4 Nd3 21.
a3 c5 22. Ba5 Nc4 23. Rd1 Nxa5 24. Nd5 Rb8 25. Bf1 Nb2 26. Ne7+ Kf8 27. Rd7 Bxf1 28. Kxf1 h6 29. Nd5 c4 30. Rxa7 Nb3 31. Rc7 Nd4 32. Nd2 Ne6 33. Rc6 Nd4 34. Rc7 Be5 35. Rc5 Bd6 36.
Ra5 Rc8 37. Ra6 Be5 38. f4 Bg7 39. e5 c3 40. Nb3 c2 41. Kg2 Nxb3 42. Rb6 c1=Q 43.
Rxb3 Qc2+ 44. Kh3 Qxb3 45. Nb6 Qxb6 46. g4 Qe3+ 47. Kh4 Qxf4 48. h3 Rc3 49. e6 Qg3# 0-1

[Event "*** SCC Grand Prix: Titled Tuesday Blitz"]
[Site "Chess.com"]
[Date "2020.07.21"]
[Round "1"]
[White "Kirill_Klukin"]
[Black "Trickov"]
[Result "1-0"]
[WhiteElo "2715"]
[BlackElo "2358"]
[TimeControl "180+1"]
[EndTime "10:06:43 PDT"]
[Termination "Kirill_Klukin won on time"]

1. d4 d5 2. Nf3 Nf6 3. c4 c6 4. Nbd2 Bf5 5. Nh4 Bc8 6. e3 Nbd7 7. Bd3 e5 8. cxd5 Nxd5 9. Nhf3 exd4 10. Nxd4 Ne5 11.
Be2 Be7 12. O-O O-O 13. Nc4 Bf6 14. Bd2 Nxc4 15. Bxc4 Nb6 16. Bb3 Bxd4 17. exd4 Qxd4 18. Qc2 Bf5 19. Qc1 Nd5 20. Bxd5 Qxd5 21. Bc3 Rad8 22. Qf4 Bg6 23. h3 f6 24. a3 Rfe8 25. Rfe1 Be4 26.
Qg3 Bg6 27. Qc7 Qd7 28. Qg3 Rxe1+ 29. Rxe1 Re8 30. Rc1 c5 31. Qf4 b6 32. Qf3 Be4 33.
Qg3 Bg6 34. h4 Kh8 35. Qf3 Be4 36.
Qf4 Bc6 37. h5 Qd5 38. Qg4 Qe4 39. Qg3 h6 40. Rd1 Kh7 41. Rd6 Qb1+ 42. Kh2 Qe4 43. Qg6+ Kg8 44. Rxf6 Qxg6 45. Rxg6 1-0

[Event "*** SCC Grand Prix: Titled Tuesday Blitz"]
[Site "Chess.com"]
[Date "2020.07.21"]
[Round "1"]
[White "Haykoooo0o"]
[Black "BulletMercenary"]
[Result "1-0"]
[WhiteElo "2517"]
[BlackElo "2107"]
[TimeControl "180+1"]
[EndTime "10:06:43 PDT"]
[Termination "Haykoooo0o won by resignation"]

1. e4 e6 2. d4 d5 3. Nc3 Bb4 4.
e5 c5 5. dxc5 Ne7 6. Nf3 Nd7 7.
Bd3 Nxc5 8. O-O Bxc3 9. bxc3 Nxd3 10. Qxd3 O-O 11. Bg5 h6 12. Bh4 Qc7 13. Rfe1 Nf5 14. Bg3 Nxg3 15. hxg3 Bd7 16. g4 Rfc8 17. Re3 Qc4 18.
Nd4 Qxd3 19. Rxd3 Rc4 20. Rb1 b6 21. Kf1 Rac8 22. Rb3 Ba4 23. Ra3 Kf8 24. Ke1 Ke7 25. Kd2 f6 26. exf6+ gxf6 27. f3 Kf7 28. Ne2 Rh8 29.
Rd4 b5 30. Nc1 h5 31. gxh5 Rxh5 32. Nd3 Rh2 33. Ne1 e5 34. Rxd5 Ke6 35. Rd8 f5 36. Rg8 Kf6 37. Nd3 e4 38. fxe4 fxe4 39. Nb2 Rc6 40. Nxa4 Ra6 41. Rb3 bxa4 42. Rb4 Rd6+ 43. Ke3 Rc6 44. c4 Rh5 45. Kxe4 Rhc5 46. Kd4 a5 47. Rxa4 Rf5 48. Rf8+ 1-0

[Event "*** SCC Grand Prix: Titled Tuesday Blitz"]
[Site "Chess.com"]
[Date "2020.07.21"]
[Round "1"]
[White "Efremov_Vlad"]
[Black "keshka01"]
[Result "0-1"]
[WhiteElo "2174"]
[BlackElo "2564"]
[TimeControl "180+1"]
[EndTime "10:06:45 PDT"]
[Termination "keshka01 won on time"]

1. d4 Nf6 2. c4 e6 3. Nf3 d5 4. Nc3 dxc4 5. e4 Bb4 6. Bg5 h6 7. Bxf6 Qxf6 8. Bxc4 c5 9. e5 Qd8 10. O-O cxd4 11. Nxd4 O-O 12. a3 Bc5 13. Ndb5 Nc6 14.
Qe2 a6 15. Rfd1 Qg5 16. Nd6 Qxe5 17. Nde4 Ba7 18. Kh1 b5 19. Ba2 Bb7 20. Bb1 Nd4 21.
Qd3 Nf5 22. b4 Rfd8 23. Qc2 Rxd1+ 0-1